 Dungeon Crawl Stone Soup version 0.30-a0-568-g124715a40b (webtiles) character file.

Game seed: 11563749352047152423

28 BitJockey the Firebug (level 2, -8/19 HPs)
             Began as a Demonspawn Fire Elementalist on Dec 28, 2022.
             Mangled by a gnoll
             ... wielding a +3 flail
              (10 damage)
             ... on level 2 of the Dungeon.
             The game lasted 00:05:00 (1008 turns).

BitJockey the Firebug (DsFE)                        Turns: 1008, Time: 00:05:01

Health: -8/19      AC: 10    Str:  8    XL:     2   Next: 96%
Magic:  3/5        EV: 11    Int: 16    God:
Gold:   94         SH:  0    Dex: 13    Spells: 4/5 levels left

rFire   + . .      SeeInvis .    k - +2 mace (protect)
rCold   . . .      Faith    .    (no shield)
rNeg    . . .      Spirit   .    e - +0 leather armour
rPois   .          Reflect  .    (no helmet)
rElec   .          Harm     .    (no cloak)
rCorr   .          Rampage  .    (no gloves)
Will    .....                    (no boots)
Stlth   ++                       (no amulet)
HPRegen 0.23/turn                g - ring of protection from fire
MPRegen 0.09/turn                (no ring)

@: under a protective aura
A: weakness stinger 1
a: no special abilities


You were on level 2 of the Dungeon.
You visited 1 branch of the dungeon, and saw 2 of its levels.

You collected 94 gold pieces.

Inventory:

Hand Weapons
 f - a +0 club
 k - a +2 mace of protection (weapon)
Armour
 a - a +0 robe
 e - a +0 leather armour (worn)
Jewellery
 g - a ring of protection from fire (left hand)
Scrolls
 c - a scroll of poison {unknown}
 d - a scroll of teleportation {unknown}
 j - 4 scrolls of identify {unknown}
 l - a scroll of magic mapping {unknown}
Potions
 b - a potion of magic
 h - a potion of brilliance {unknown}
 i - a potion of flight {unknown}


   Skills:
 * Level 0.3 Maces & Flails
 * Level 0.2 Armour
 + Level 1.8 Dodging
 + Level 1.8 Stealth
 * Level 2.3 Spellcasting
 + Level 1.1 Conjurations
 * Level 3.2 Fire Magic


You had 4 spell levels left.
You knew the following spells:

 Your Spells              Type           Power      Damage    Failure   Level
a - Foxfire               Conj/Fire      32%        2x1d5     12%         1

Your spell library contained the following spells:

 Spells                   Type           Power      Damage    Failure   Level
 Scorch                   Fire           24%        2d6       11%         2
 Inner Flame              Hex/Fire       7%         N/A       41%         3
 Kindle Blastsparks       Fire/Tloc/Air  10%        2d10      47%         3
 Flame Wave               Conj/Fire      8%         2d5       75%         4


Dungeon Overview and Level Annotations

Branches:
Dungeon (2/15)

Altars:


Innate Abilities, Weirdness & Mutations

You have a small tail.


Message History

Your weapon exudes an aura of protection.
You kill the kobold!
You see here a +0 short sword. 2 gnolls come into view.
The gnoll shouts!
You hear a shout!
A gnoll comes into view. It is wielding a +0 halberd.
The gnoll shouts!
Casting: Foxfire (safe; 12% risk of failure)
Confirm with . or Enter, or press ? or * to list all spells.
You miscast Foxfire.
You are very lightly contaminated with residual magic.
Nothing appears to happen.
Casting: Foxfire (safe; 12% risk of failure)
Confirm with . or Enter, or press ? or * to list all spells.
You conjure some foxfire!
The foxfire hits the gnoll.
The gnoll is lightly wounded.
The foxfire hits the gnoll.
The gnoll is moderately wounded.
Casting: Foxfire (safe; 12% risk of failure)
Confirm with . or Enter, or press ? or * to list all spells.
You miscast Foxfire.
Nothing appears to happen.
The gnoll barely misses you. The gnoll attacks as you move away!
The gnoll hits you with a +3 flail. The gnoll attacks as you move away!
The gnoll barely misses you. The gnoll attacks as you move away!
The gnoll completely misses you.
You closely miss the gnoll.
The gnoll is moderately wounded.
The gnoll hits you with a +3 flail! The gnoll misses you.
The gnoll hits you with a +3 flail!
* * * LOW HITPOINT WARNING * * *
You sock the gnoll!
Your weapon exudes an aura of protection.
The gnoll is almost dead.
The gnoll hits you but does no damage.
Your magical contamination has completely faded away.
You closely miss the gnoll. You tail-slap the gnoll.
The gnoll is moderately wounded.
The gnoll hits you with a +3 flail!
Ouch! That really hurt!
You die...

.##########.###.#
................##
########.........#
#.......#.#
#############.......#
..
)..........##.......#
.....<.....##..g....#
...........#####g####
................@g#
.†.#############..#
....# #.....# ....#
#.###.######. ....#
#.# #........ ....#
#.###.######. ....#
#...)...# ....#
#.###.#.#
....#########.###.#.#


You could see 3 gnolls.

Vanquished Creatures
  A dart slug (D:1)
  3 ball pythons (D:1)
  2 bats
  2 endoplasms (D:1)
  3 goblins (D:1)
  2 hobgoblins (D:1)
  3 quokkas
  2 frilled lizards (D:1)
  2 kobolds (D:2)
  5 rats (D:1)
25 creatures vanquished.

Vanquished Creatures (others)
  28 foxfires
28 creatures vanquished.

Grand Total: 53 creatures vanquished

Notes
Turn   | Place    | Note
-------+----------+-------------------------------------------
     0 | D:1      | BitJockey the Demonspawn Fire Elementalist began the quest
                  | for the Orb.
     0 | D:1      | Reached XP level 1. HP: 13/13 MP: 3/3
   180 | D:1      | Reached skill level 3 in Fire Magic
   211 | D:1      | Discovered your monstrous ancestry.
   211 | D:1      | Gained mutation: You have a small tail. [demonic ancestry]
   211 | D:1      | Reached XP level 2. HP: 19/19 MP: 3/5
  1008 | D:2      | Mangled by a gnoll

Illustrated notes

Levels and vault maps discovered:
D:1:      lightli_arrival_maybe_door_vault, layout_basic
D:2:      layout_basic, chequers_serial_rivers_micro_c, uniq_sigmund

Skill      XL: |  1 |
---------------+----+-----
Fire Magic     | 3 |  3.2
Maces & Flails | |  0.3
Armour         | |  0.2
Dodging        | |  1.8
Stealth        | |  1.8
Spellcasting   | |  2.3
Conjurations   | |  1.1

Action                   || total
-------------------------++-------
Melee: Club              ||    28
       Mace              ||    11
       Tailslap          ||     7
 Cast: Foxfire           ||    17
 Stab: Sleeping          ||     1
Armor: Leather armour    ||    18
Dodge: Dodged            ||    35

Table legend: (Time is in decaauts)
 A = Elapsed time spent in this place.
 B = Non-inter-level travel time spent in this place.
 C = Inter-level travel time spent in this place.
 D = Time resting spent in this place.
 E = Time spent auto-exploring this place.
 F = Levels seen in this place.
 G = Mean time per level.
                   A        B        C        D        E       F      G
               +--------+--------+--------+--------+--------+-----+--------+
         Total |   1018 |    944 |     74 |      0 |    703 |   2 |  509.0 |
       Dungeon |   1018 |    944 |     74 |      0 |    703 |   2 |  509.0 |
               +--------+--------+--------+--------+--------+-----+--------+

Top non-repeatable levels by time:
     D:1: 883 daAuts
     D:2: 135 daAuts
